 Dungeon Crawl Stone Soup version 0.25-a0-578-gc91f01c39c (webtiles) character file.

Game seed: 3261220403593255083, levelgen mode: deterministic

135 Esekla the Ducker (level 4, -10/21 HPs)
             Began as a Spriggan Artificer on Mar 7, 2020.
             Engulfed by a cloud of flame (11 damage)
             ... on level 3 of the Dungeon.
             The game lasted 00:23:11 (3616 turns).

Esekla the Ducker (Spriggan Artificer)              Turns: 3616, Time: 00:23:11

Health: -10/21     AC:  3    Str:  8    XL:     4   Next: 97%
Magic:  8/8        EV: 21    Int: 13    God:
Gold:   139        SH:  0    Dex: 16    Spells: 3/3 levels left

rFire    . . .     SeeInvis +   a - +1 short sword
rCold    . . .     Gourm    .   (shield restricted)
rNeg     . . .     Faith    .   b - +1 robe
rPois    .         Spirit   .   (helmet restricted)
rElec    .         Reflect  .   (no cloak)
rCorr    .         Harm     .   (gloves unavailable)
MR       .....                  (boots unavailable)
Stlth    ++........             (no amulet)
HPRegen  0.07/turn              j - +2 ring of evasion
MPRegen  0.11/turn              n - ring of flight

@: drained, very quick
A: very small, unfitting armour, see invisible, herbivore, speed 3, slow
metabolism 2
a: Evoke Flight


You were on level 3 of the Dungeon.
You were hungry.

You visited 1 branch of the dungeon, and saw 3 of its levels.

You collected 139 gold pieces.

Inventory:

Hand Weapons
 a - a +1 short sword (weapon)
 s - a +0 falchion
Missiles
 l - 15 poisoned darts (quivered)
Armour
 b - a +1 robe (worn)
Jewellery
 j - a +2 ring of evasion (left hand)
 n - a ring of flight (right hand)
 t - an uncursed ring of protection from fire
Wands
 c - a wand of flame (15)
 e - a wand of random effects (15)
 r - a wand of polymorph (7)
Scrolls
 g - a scroll of enchant armour
 h - 4 scrolls of identify
Potions
 d - a potion of lignification {unknown}
 i - a potion of flight {unknown}
 k - 2 potions of berserk rage
 p - a potion of curing {unknown}
 q - a potion of heal wounds {unknown}
 u - a potion of brilliance {unknown}
Comestibles
 f - 8 rations


   Skills:
 - Level 0.7(0.0) Fighting
 * Level 3.6(2.5) Short Blades
 + Level 0.9(0.0) Throwing
 * Level 5.5(4.3) Dodging
 + Level 1.8(0.7) Stealth
 - Level 4.0(2.8) Evocations


You had 3 spell levels left.
You didn't know any spells.
Your spell library was empty.

Dungeon Overview and Level Annotations

Branches:
Dungeon (3/15)

Altars:
Wu Jian

Annotations:
D:3 Grinder


Innate Abilities, Weirdness & Mutations

You are very small and have problems with some larger weapons.
You are too small for most types of armour.
You have supernaturally acute eyesight. (SInv)
You are a herbivore.
You cover ground extremely quickly.
You need to consume almost no food.


Message History

The creatures around you are filled with an inner flame!
It was a scroll of immolation.
The gnoll closely misses you. x2
You hit the gnoll.
Flame seeps out of the gnoll.
The gnoll is lightly wounded.
The gnoll is engulfed in blazing flames.
Flame seeps out of the gnoll.
The gnoll closely misses you. The gnoll closely misses you.
The gnoll is engulfed in blazing flames.
The gnoll explodes!
The fiery explosion engulfs you!
Ouch! That really hurt!
* * * LOW HITPOINT WARNING * * *
You feel a bit more experienced.
The fiery explosion engulfs the gnoll!!
The gnoll explodes!
The fiery explosion engulfs the gnoll!!
The gnoll explodes!
You hear an angry hiss.
You are engulfed in blazing flames.
Ouch! That really hurt!
You die...

... #.####.##
....###........
.......g####.#. #
##...##..###.#. #.
!#.#.###.....#. #l. ###
#.#...###..g.##. #...
..###$..# #....##..#.
#....#.#§#.#.#
#.#......#.
#......##@#.#
##....##..#. #. ###.)#§#
#..###....... ..
#)5.#.#§#.#...#..#.##.
#.###..#.#§#..###.......
#....##.#.#.##.....#.##.
#..#.# #.#.#.#.#...#....
#....###.g.###.....####.
#.###g..#.#...###..# #)
# #.#.#$#.#.###..####.


You could see Grinder (wandering).

Vanquished Creatures
  4 gnolls (D:3)
  3 adders
  2 worms (D:2)
  2 dart slugs (D:1)
  A leopard gecko (D:3)
  An orc (D:3)
  3 giant cockroaches (D:3)
  6 goblins
  7 hobgoblins
  7 jackals (D:2)
  2 ball pythons
  10 bats
  4 frilled lizards
  3 kobolds
  4 rats
59 creatures vanquished.

Notes
Turn   | Place    | Note
-------+----------+-------------------------------------------
     0 | D:1      | Esekla the Spriggan Artificer began the quest for the Orb.
     0 | D:1      | Reached XP level 1. HP: 9/9 MP: 4/4
   400 | D:1      | Reached skill level 4 in Dodging
   400 | D:1      | Reached XP level 2. HP: 4/14 MP: 6/6
  1389 | D:2      | Reached XP level 3. HP: 17/17 MP: 7/7
  2039 | D:2      | Reached skill level 5 in Dodging
  2611 | D:2      | Found an ornate altar of the Wu Jian Council.
  3062 | D:2      | Reached XP level 4. HP: 11/21 MP: 8/8
  3457 | D:3      | Noticed Grinder
  3615 | D:3      | HP: 1/21 [gnoll/exploding inner flame[the player character]
                  | (15)]
  3616 | D:3      | Engulfed by a cloud of flame

Levels and vault maps discovered:
D:1:      shiori_arrival_elements, layout_rooms, chequers_hall_statues_corner_a
D:2:      layout_basic, lemuel_doored_altar, minmay_quantized
D:3:      minmay_chambers_of_twos, layout_basic, first_ration,
          hangedman_abyss_or_decor_stabs, minmay_starry_boxes, uniq_grinder

Skill      XL: |  1  2  3  4 |
---------------+-------------+-----
Dodging        | 4 5 |  5.5
Short Blades   | 2 3 |  3.6
Fighting       | |  0.7
Throwing       | |  0.9
Stealth        | |  1.8
Evocations     | |  4.0

Action                   |  1- 3 |  4- 6 || total
-------------------------+-------+-------++-------
Melee: Short sword       |   192 |    80 ||   272
Throw: Dart              |    40 |     9 ||    49
  Use: Scroll            |       |     4 ||     4
 Stab: Sleeping          |     3 |       ||     3
Armor: Robe              |    19 |    11 ||    30
Dodge: Dodged            |   172 |   109 ||   281

Table legend:
 A = Non-vault XP
 B = Vault XP
 C = Vault XP percentage of total XP
 D = Non-vault monster count
 E = Vault monster count
 F = Vault count percentage of total count
                 A         B        C        D         E       F
            +---------+---------+-------+---------+---------+-------
      Total |     168 |      26 |  13.4 |      51 |       8 |  13.6
            +---------+---------+-------+---------+---------+-------
        D:1 |      19 |       0 |   0.0 |      11 |       0 |   0.0
        D:2 |      58 |      20 |  25.6 |      24 |       5 |  17.2
        D:3 |      91 |       6 |   6.2 |      16 |       3 |  15.8
            +---------+---------+-------+---------+---------+-------
